[Event "Yuri Averbakh's 85-jubilee "]
[Site "CCC"]
[Date "2007.03.07"]
[Round "9"]
[White "Moukhametov, Alfat"]
[Black "Aleksandrov, Vladimir"]
[Result "0-1"]
[ECO "D85"]
[WhiteElo "2089"]
[BlackElo "2300"]
[Annotator "Deniapkin,Konstantin"]
[PlyCount "114"]
[TimeControl "180"]

{48MB, Shredder9.ctg, COMPUTER} 1. d4 Nf6 2. c4 g6 3. Nc3 d5 4. cxd5 Nxd5 5. e4
Nxc3 6. bxc3 Bg7 7. Nf3 c5 8. Be2 O-O 9. Rb1 cxd4 10. cxd4 Qa5+ 11. Qd2 Qxd2+
12. Bxd2 b6 13. O-O Bb7 14. Bd3 Rd8 15. Be3 e6 16. Rbc1 Nc6 17. Bg5 Rd6 18. e5
Rd7 19. Be4 Nb4 20. Bxb7 Rxb7 21. Rc4 Nd5 22. Rfc1 Rbb8 23. Nd2 h6 24. Be3 Bf8
25. Ne4 Kg7 26. Bd2 Ba3 27. R1c2 Rd8 28. Ra4 Be7 29. h3 g5 30. Rac4 Rd7 31. Nc3
Nb4 32. Rb2 Nd3 33. Rc2 Rad8 34. Be3 a6 35. Ne4 b5 36. Rc7 Nb4 37. Rxd7 Rxd7
38. Rb2 Nd5 39. Rc2 Nb4 40. Rb2 Nc6 41. Kf1 Rd5 42. Nc3 Rd8 43. Ne2 Nb4 44. f4
Nd5 45. Kf2 gxf4 46. Bxf4 Nxf4 47. Nxf4 Rxd4 48. Kf3 Bg5 49. g3 Bxf4 50. gxf4
Kg6 51. Ke3 Ra4 52. Rg2+ Kf5 53. Rg7 Re4+ 54. Kd3 Rxf4 55. Rxf7+ Kxe5 56. Ra7
Ra4 57. Rh7 Ra3+ 0-1

[Event "Yuri Averbakh's 85-jubilee "]
[Site "CCC"]
[Date "2007.03.09"]
[Round "10"]
[White "Davletshin, Mars"]
[Black "Murzin, Lenar"]
[Result "1/2-1/2"]
[ECO "E40"]
[WhiteElo "2112"]
[BlackElo "2205"]
[Annotator "Deniapkin,Konstantin"]
[PlyCount "41"]
[TimeControl "180"]

{48MB, Shredder9.ctg, COMPUTER} 1. d4 Nf6 2. c4 e6 3. Nc3 Bb4 4. e3 Bxc3+ 5. bxc3 d6 6. Bd3 c5 7. Ne2 Nc6 8. O-O e5 9. d5 Ne7 10. Qc2 Ng6 11.
f4 Qe7 12. Ng3 Ng4 13. h3 Nh6 14. f5 Nf8 15. f6 gxf6 16. e4 Rg8 17. Qf2 Rg6 18.
Be2 Ng8 19. Bh5 Rg7 20. Bd1 Kd8 21. Be3 1/2-1/2

[Event "Yuri Averbakh's 85-jubilee "]
[Site "CCC"]
[Date "2007.03.07"]
[Round "9"]
[White "Gavariev, Renat"]
[Black "Dimukhametov, Artur"]
[Result "1-0"]
[ECO "E14"]
[WhiteElo "2309"]
[BlackElo "2211"]
[Annotator "Deniapkin,Konstantin"]
[PlyCount "127"]
[TimeControl "180"]

{48MB, Shredder9.ctg, COMPUTER} 1. Nf3 Nf6 2. c4 e6 3. e3 b6 4. Be2 Bb7 5. b3
Be7 6. Bb2 c5 7. O-O O-O 8. d4 cxd4 9. Nxd4 Nc6 10. Nc3 d5 11. Nxc6 Bxc6 12.
Bf3 Bb4 13. Qe2 Ne4 14. Rac1 Bxc3 15. Bxc3 Ng5 16. cxd5 Nxf3+ 17. Qxf3 Qxd5 18.
Qg3 f6 19. Rfd1 Qh5 20. Rd6 Bd5 21. f3 Qh6 22. Bd2 Rad8 23. Rc7 Qg6 24. Qxg6
hxg6 25. Rxd8 Rxd8 26. Bc3 a5 27. e4 Ba8 28. Kf2 e5 29. Ke3 Kh7 30. Bb2 Rd6 31.
Ba3 Rc6 32. Ra7 Rc3+ 33. Kd2 Rc8 34. Ra6 f5 35. Kd3 a4 36. Bd6 fxe4+ 37. fxe4
axb3 38. axb3 b5 39. Bxe5 Bc6 40. Ra7 Re8 41. Rxg7+ Kh6 42. Rc7 Re6 43. Kd4 Kg5
44. h3 Kh6 45. g3 g5 46. Bg7+ Kg6 47. e5 Bg2 48. h4 gxh4 49. gxh4 Bf3 50. Bf6
Bd1 51. Rg7+ Kf5 52. Rg3 Kf4 53. Rd3 Be2 54. Rd2 Bh5 55. Kc5 Be8 56. Rd8 Kg4
57. b4 Kf5 58. Rd6 Rxd6 59. Kxd6 Bf7 60. Ke7 Bg8 61. h5 Bh7 62. Kf7 Kg4 63. h6
Kf5 64. Kg7 1-0

[Event "Yuri Averbakh's 85-jubilee "]
[Site "CCC"]
[Date "2007.03.07"]
[Round "9"]
[White "Mironov, Vyacheslav"]
[Black "Sadykov, Aidar"]
[Result "0-1"]
[ECO "B76"]
[WhiteElo "2025"]
[BlackElo "2266"]
[Annotator "Deniapkin,Konstantin"]
[PlyCount "44"]
[TimeControl "180"]

{48MB, Shredder9.ctg, COMPUTER} 1. e4 c5 2. Nf3 d6 3. d4 cxd4 4. Nxd4 Nf6 5.
Nc3 g6 6. f3 Bg7 7. Be3 Nc6 8. Qd2 O-O 9. O-O-O d5 10. exd5 Nxd5 11. Nxc6 bxc6
12. Nxd5 cxd5 13. Qxd5 Qc7 14. Qc4 Qe5 15. Qc3 Qxc3 16. bxc3 Bxc3 17. Bc5 Be6
18. a3 Bf6 19. Bb5 Bg5+ 20. Rd2 Rfc8 21. Bd4 Bf5 22. c3 e5 0-1

[Event "Yuri Averbakh's 85-jubilee "]
[Site "CCC"]
[Date "2007.03.09"]
[Round "10"]
[White "Zakirov, Rustam"]
[Black "Dimukhametov, Artur"]
[Result "1/2-1/2"]
[ECO "A04"]
[WhiteElo "2279"]
[BlackElo "2211"]
[Annotator "Deniapkin,Konstantin"]
[PlyCount "48"]
[TimeControl "180"]

{48MB, Shredder9.ctg, COMPUTER} 1. Nf3 g6 2. c4 Bg7 3. Nc3 e5 4. d4 exd4 5.
Nxd4 Nf6 6. g3 d6 7. Bg2 O-O 8. O-O Nbd7 9. b3 Ne5 10. Bb2 Rb8 11. Qd2 a6 12.
a4 Bg4 13. a5 Qd7 14. Rfe1 Bh3 15. f4 Nc6 16. Nd5 Bxg2 17. Nxf6+ Bxf6 18. Kxg2
Nxd4 19. Bxd4 Qc6+ 20. e4 Bxd4 21. Qxd4 f5 22. Qd5+ Qxd5 23. exd5 Rfe8 24. Kf3
Kf7 1/2-1/2

[Event "Yuri Averbakh's 85-jubilee "]
[Site "CCC"]
[Date "2007.03.09"]
[Round "10"]
[White "Aleksandrov, Vladimir"]
[Black "Mironov, Vyacheslav"]
[Result "1/2-1/2"]
[ECO "E73"]
[WhiteElo "2300"]
[BlackElo "2025"]
[Annotator "Deniapkin,Konstantin"]
[PlyCount "133"]
[TimeControl "180"]

{48MB, Shredder9.ctg, COMPUTER} 1. d4 Nf6 2. c4 g6 3. Nc3 Bg7 4. e4 O-O 5. Be2
d6 6. Bg5 Nbd7 7. Qd2 c6 8. Nf3 Qc7 9. Bh6 e5 10. Bxg7 Kxg7 11. O-O Re8 12. d5
Nc5 13. Bd3 a5 14. Bc2 Bg4 15. Ne1 Nh5 16. Bd1 Bxd1 17. Rxd1 Rad8 18. b3 Nf4
19. g3 Nh5 20. Ng2 Nf6 21. Rde1 Qb6 22. Re2 Qb4 23. Nh4 h6 24. Qc2 cxd5 25.
exd5 Rc8 26. Nb5 Red8 27. Rb1 Na6 28. Qd2 Qxd2 29. Rxd2 Ne4 30. Re2 Nec5 31.
Ng2 f5 32. Ne3 Kf6 33. Nc2 g5 34. f3 h5 35. h3 Nc7 36. Nxc7 Rxc7 37. Na3 f4 38.
Nb5 Rg7 39. g4 hxg4 40. hxg4 Rh7 41. Rh2 Rxh2 42. Kxh2 Rh8+ 43. Kg2 Ke7 44. Nc3
Rh4 45. Rd1 Kf6 46. Re1 Ke7 47. Re2 Kd7 48. Ne4 Nxe4 49. Rxe4 b6 50. Re1 Kc7
51. a3 Rh8 52. Re2 Kd7 53. Re1 Kc7 54. Re4 Kd7 55. Re2 Kc7 56. b4 axb4 57. axb4
Ra8 58. Rc2 Kd7 59. Kf2 Ra3 60. c5 bxc5 61. bxc5 dxc5 62. Rxc5 Kd6 63. Rb5 Ra2+
64. Ke1 Ra1+ 65. Ke2 Ra2+ 66. Kd3 Ra3+ 67. Ke2 1/2-1/2

[Event "Yuri Averbakh's 85-jubilee "]
[Site "CCC"]
[Date "2007.03.09"]
[Round "10"]
[White "Kniazev, Igor"]
[Black "Moukhametov, Alfat"]
[Result "1-0"]
[ECO "C62"]
[WhiteElo "2254"]
[BlackElo "2089"]
[Annotator "Deniapkin,Konstantin"]
[PlyCount "47"]
[TimeControl "180"]

{48MB, Shredder9.ctg, COMPUTER} 1. e4 e5 2. Nf3 Nc6 3. Nc3 d6 4. d4 exd4 5.
Nxd4 Bd7 6. Bb5 g6 7. Nd5 Bg7 8. c3 a6 9. Ba4 Ne5 10. Bxd7+ Nxd7 11. O-O Ne7
12. Bg5 Bf8 13. Qf3 c6 14. Nf6+ Nxf6 15. Bxf6 Rg8 16. Rfe1 Qd7 17. e5 dxe5 18.
Rxe5 O-O-O 19. Rae1 Nd5 20. Bxd8 Kxd8 21. c4 Nc7 22. Rd1 Kc8 23. Nb3 Bd6 24. c5
1-0

[Event "Yuri Averbakh's 85-jubilee "]
[Site "CCC"]
[Date "2007.03.09"]
[Round "10"]
[White "Sadykov, Aidar"]
[Black "Maksimov, Sergei"]
[Result "1-0"]
[ECO "B06"]
[WhiteElo "2266"]
[BlackElo "2262"]
[Annotator "Deniapkin,Konstantin"]
[PlyCount "49"]
[TimeControl "180"]

{48MB, Shredder9.ctg, COMPUTER} 1. e4 g6 2. d4 Bg7 3. Nc3 c5 4. Nf3 cxd4 5.
Nxd4 Nf6 6. e5 Ng8 7. Bf4 Nc6 8. Nxc6 bxc6 9. Bc4 Qa5 10. O-O g5 11. Bg3 h5 12.
Qf3 Nh6 13. Qxh5 d5 14. Qxg5 Kf8 15. Bd3 Qb4 16. Qf4 Qxb2 17. Na4 Qa3 18. Rfb1
e6 19. Bh4 Ng4 20. Rb3 Bxe5 21. Qxg4 Qd6 22. Bg3 Rg8 23. Bxe5 Qxe5 24. Qb4+ Ke8
25. Re1 1-0

[Event "Yuri Averbakh's 85-jubilee "]
[Site "CCC"]
[Date "2007.02.25"]
[Round "4"]
[White "Maksimov, Sergei"]
[Black "Moukhametov, Alfat"]
[Result "1-0"]
[ECO "D35"]
[WhiteElo "2262"]
[BlackElo "2089"]
[Annotator "Deniapkin,Konstantin"]
[PlyCount "67"]
[TimeControl "180"]

{48MB, Shredder9.ctg, COMPUTER} 1. d4 Nf6 2. c4 e6 3. Nc3 d5 4. Nf3 Nbd7 5.
cxd5 exd5 6. Bg5 c6 7. e3 h6 8. Bh4 Be7 9. Bd3 O-O 10. O-O Ne4 11. Bxe7 Qxe7
12. Bxe4 dxe4 13. Nd2 Nf6 14. Qc2 Bf5 15. f4 Rfe8 16. Rac1 Rad8 17. Na4 Nd5 18.
Qb3 Rc8 19. a3 Nf6 20. Qc2 Nd5 21. Rfe1 Bg6 22. b4 Kh7 23. Nf1 f5 24. Nb2 a5
25. bxa5 Qxa3 26. Nc4 Qe7 27. Nb6 Nxb6 28. axb6 Ra8 29. Ra1 Bf7 30. Ra7 Reb8
31. Rea1 Qd8 32. Qc5 Be6 33. Qe5 Qc8 34. Rxa8 1-0

[Event "Yuri Averbakh's 85-jubilee "]
[Site "CCC"]
[Date "2007.03.09"]
[Round "10"]
[White "Alyautdinov, Rushan"]
[Black "Gavariev, Renat"]
[Result "1/2-1/2"]
[ECO "B19"]
[WhiteElo "2186"]
[BlackElo "2309"]
[Annotator "Deniapkin,Konstantin"]
[PlyCount "70"]
[TimeControl "180"]

{48MB, Shredder9.ctg, COMPUTER} 1. e4 c6 2. d4 d5 3. Nc3 dxe4 4. Nxe4 Bf5 5.
Ng3 Bg6 6. h4 h6 7. Nf3 Nd7 8. h5 Bh7 9. Bd3 Bxd3 10. Qxd3 Qc7 11. Bd2 e6 12.
O-O-O Ngf6 13. Qe2 O-O-O 14. Ne5 Nxe5 15. dxe5 Nd7 16. f4 Be7 17. Be3 Qa5 18.
Kb1 Nc5 19. Rxd8+ Rxd8 20. Rd1 Rxd1+ 21. Qxd1 Na4 22. Qd2 Qb5 23. Bd4 c5 24.
Bc3 Qc4 25. Ne2 g6 26. hxg6 fxg6 27. Qd3 Nb6 28. Qxc4 Nxc4 29. b3 Ne3 30. g3 h5
31. Kc1 Kd7 32. Kd2 Nf5 33. Kd3 Ke8 34. Be1 Kd7 35. Bf2 Kc6 1/2-1/2

[Event "Yuri Averbakh's 85-jubilee "]
[Site "CCC"]
[Date "2007.03.13"]
[Round "11"]
[White "Dimukhametov, Artur"]
[Black "Alyautdinov, Rushan"]
[Result "1-0"]
[ECO "A44"]
[WhiteElo "2211"]
[BlackElo "2186"]
[Annotator "Deniapkin,Konstantin"]
[PlyCount "87"]
[TimeControl "180"]

{48MB, Shredder9.ctg, COMPUTER} 1. d4 c5 2. d5 e5 3. e4 d6 4. Nc3 Be7 5. Bb5+
Nd7 6. a4 Bg5 7. Nf3 Bxc1 8. Qxc1 Ngf6 9. a5 a6 10. Bd3 O-O 11. O-O Re8 12. Nd2
Nf8 13. Nc4 Ng6 14. Qe3 Nf4 15. Rfb1 N6h5 16. g3 Ng6 17. b4 cxb4 18. Rxb4 Qe7
19. Rab1 Rd8 20. Nb6 Rb8 21. Nxc8 Rdxc8 22. Bxa6 Qc7 23. Rxb7 Rxb7 24. Bxb7
Qxc3 25. Bxc8 Qxc8 26. Qb6 Nf8 27. a6 Nf6 28. a7 Nxe4 29. Qe3 Qxc2 30. Ra1 g6
31. a8=Q Kg7 32. Qa4 Qxa4 33. Rxa4 Nc5 34. Rc4 Nfd7 35. Kg2 f5 36. f3 h6 37.
Qa3 Kf6 38. Qa5 Ke7 39. Qc7 g5 40. Rxc5 dxc5 41. Qc6 g4 42. fxg4 fxg4 43. Qe6+
Kd8 44. d6 1-0

[Event "Yuri Averbakh's 85-jubilee "]
[Site "CCC"]
[Date "2007.03.13"]
[Round "11"]
[White "Murzin, Lenar"]
[Black "Zakirov, Rustam"]
[Result "1/2-1/2"]
[ECO "E91"]
[WhiteElo "2205"]
[BlackElo "2279"]
[Annotator "Deniapkin,Konstantin"]
[PlyCount "73"]
[TimeControl "180"]

{48MB, Shredder9.ctg, COMPUTER} 1. d4 Nf6 2. c4 g6 3. Nc3 Bg7 4. e4 d6 5. Be2
O-O 6. Nf3 Bg4 7. Be3 Nbd7 8. Ng1 Bxe2 9. Ngxe2 c5 10. O-O cxd4 11. Nxd4 a6 12.
Qe2 Rc8 13. Rac1 Nc5 14. f3 Ne6 15. Rfd1 Qa5 16. Nb3 Qb4 17. Nd5 Nxd5 18. cxd5
Nd4 19. Nxd4 Bxd4 20. b3 Bxe3+ 21. Qxe3 Qa3 22. Qd2 a5 23. Rc2 Rc5 24. Rdc1
Rfc8 25. Rxc5 Rxc5 26. Rxc5 Qxc5+ 27. Kf1 h5 28. h4 Kg7 29. Ke2 e5 30. Qe3 Qa3
31. Qd2 a4 32. Qc2 b5 33. Kd3 axb3 34. axb3 Kf6 35. Qc3 Qa2 36. Qc2 Qa3 37. Qc3
1/2-1/2

[Event "Yuri Averbakh's 85-jubilee "]
[Site "CCC"]
[Date "2007.03.13"]
[Round "11"]
[White "Maksimov, Sergei"]
[Black "Aleksandrov, Vladimir"]
[Result "0-1"]
[ECO "E20"]
[WhiteElo "2262"]
[BlackElo "2300"]
[Annotator "Deniapkin,Konstantin"]
[PlyCount "126"]
[TimeControl "180"]

{48MB, Shredder9.ctg, COMPUTER} 1. d4 Nf6 2. c4 e6 3. Nc3 Bb4 4. f3 d5 5. e3 c5
6. a3 Bxc3+ 7. bxc3 Nc6 8. cxd5 exd5 9. Bd3 O-O 10. Ne2 Re8 11. O-O b6 12. Qe1
Na5 13. Rb1 Qc7 14. Qh4 c4 15. Bc2 Nb3 16. e4 Nxc1 17. Rbxc1 h6 18. e5 Nh7 19.
f4 f5 20. g4 fxg4 21. f5 Ng5 22. Qxg4 Rf8 23. h4 Ne4 24. Bxe4 dxe4 25. Qxe4 Bb7
26. d5 Qc5+ 27. Qd4 Qxd5 28. Qxd5+ Bxd5 29. Ng3 Rfe8 30. Rce1 Rad8 31. Nh5 Bf7
32. Nf4 Bd5 33. e6 Bc6 34. Re2 Rd6 35. Kh2 Red8 36. f6 gxf6 37. Rg1+ Kh8 38. e7
Re8 39. Ng6+ Kg7 40. Ne5+ Kh7 41. Nxc4 Rd7 42. Re6 Bd5 43. Nd6 Rexe7 44. Rxe7+
Rxe7 45. Rd1 Bc6 46. Nc8 Rc7 47. Rd8 Kg6 48. Rg8+ Kf5 49. Nd6+ Ke6 50. Nc4 Bb5
51. Ne3 Rxc3 52. Ng2 Rxa3 53. Rh8 Bc6 54. Nf4+ Kf5 55. Nh5 Ra4 56. Ng3+ Kf4 57.
Nh5+ Kf3 58. Rxh6 Rxh4+ 59. Kg1 f5 60. Rxc6 Rxh5 61. Rc7 Rg5+ 62. Kf1 f4 63.
Rxa7 Ra5 0-1

[Event "Yuri Averbakh's 85-jubilee "]
[Site "CCC"]
[Date "2007.03.13"]
[Round "11"]
[White "Gavariev, Renat"]
[Black "Sadykov, Aidar"]
[Result "1-0"]
[ECO "A34"]
[WhiteElo "2309"]
[BlackElo "2266"]
[Annotator "Deniapkin,Konstantin"]
[PlyCount "69"]
[TimeControl "180"]

{48MB, Shredder9.ctg, COMPUTER} 1. c4 Nf6 2. Nc3 c5 3. g3 d5 4. cxd5 Nxd5 5.
Bg2 e6 6. Nf3 Be7 7. O-O O-O 8. Nxd5 Qxd5 9. d3 Nc6 10. Be3 Bd7 11. Ng5 Qe5 12.
Qd2 Qc7 13. Rac1 b6 14. Nf3 Qd6 15. d4 cxd4 16. Nxd4 Nb4 17. Bxa8 Rxa8 18. Nf3
Nd5 19. Bf4 Nxf4 20. Qxf4 Qxf4 21. gxf4 Bc5 22. Rfd1 Bb5 23. Kf1 a5 24. Ne5 g6
25. Nd7 Be7 26. Nxb6 Ra6 27. Nc4 f6 28. b3 a4 29. Rc2 axb3 30. axb3 Kf7 31.
Rcc1 e5 32. fxe5 fxe5 33. Nxe5+ Kg7 34. Nf3 Rf6 35. Nd4 1-0

[Event "Yuri Averbakh's 85-jubilee "]
[Site "CCC"]
[Date "2007.03.13"]
[Round "11"]
[White "Mironov, Vyacheslav"]
[Black "Kniazev, Igor"]
[Result "0-1"]
[ECO "C11"]
[WhiteElo "2025"]
[BlackElo "2254"]
[Annotator "Deniapkin,Konstantin"]
[PlyCount "69"]
[TimeControl "180"]

{48MB, Shredder9.ctg, COMPUTER} 1. d4 Nf6 2. Nc3 d5 3. Bg5 e6 4. e4 dxe4 5.
Nxe4 Be7 6. Bxf6 gxf6 7. Nf3 b6 8. Bb5+ c6 9. Bd3 f5 10. Ned2 Bf6 11. Nb3 c5
12. c3 cxd4 13. Nbxd4 Bb7 14. Qe2 O-O 15. O-O-O Nd7 16. Rhg1 Kh8 17. h3 Re8 18.
Bc2 Qc7 19. Nb5 Qf4+ 20. Kb1 Bxf3 21. gxf3 Re7 22. Nd6 Ne5 23. Rg3 Ng6 24. Nc4
b5 25. Ne3 Qe5 26. Qf1 b4 27. Nc4 Qc5 28. cxb4 Qxb4 29. b3 Qb7 30. Qd3 Rc7 31.
Qe3 Nf4 32. Qxf4 Rac8 33. Nd6 Rxc2 34. Nxb7 Rb2+ 35. Ka1 0-1

[Event "Yuri Averbakh's 85-jubilee "]
[Site "CCC"]
[Date "2007.03.13"]
[Round "11"]
[White "Moukhametov, Alfat"]
[Black "Davletshin, Mars"]
[Result "0-1"]
[ECO "D23"]
[WhiteElo "2089"]
[BlackElo "2112"]
[Annotator "Deniapkin,Konstantin"]
[PlyCount "74"]
[TimeControl "180"]

{48MB, Shredder9.ctg, COMPUTER} 1. d4 d5 2. c4 dxc4 3. Nf3 Nf6 4. g3 c6 5. Bg2
Nbd7 6. Qc2 e6 7. Qxc4 Bd6 8. Nc3 e5 9. Ng5 O-O 10. O-O Qe7 11. d5 Nb6 12. Qd3
cxd5 13. Nxd5 Nbxd5 14. Bxd5 h6 15. Ne4 Nxd5 16. Qxd5 Rd8 17. Rd1 Bc7 18. Qb3
Rxd1+ 19. Qxd1 Bf5 20. Nc3 Rd8 21. Qe1 Bb6 22. e4 Be6 23. Be3 Bd4 24. Rc1 Qb4
25. Qe2 Bxc3 26. Rxc3 Qxe4 27. f3 Qb1+ 28. Kg2 e4 29. fxe4 Qxe4+ 30. Qf3 Bh3+
31. Kf2 Qb1 32. Bc1 Qxa2 33. Qxb7 Qa4 34. Qb3 Qe4 35. Rf3 Be6 36. Qe3 Qc2+ 37.
Kg1 Bh3 0-1